 Dungeon Crawl Stone Soup version 0.21-a0-404-g291f19a (webtiles) character file.

25639 dududu the Fighter (level 12, 0/100 HPs)
             Began as a Vampire Arcane Marksman on Oct 29, 2017.
             Was a High Priest of Okawaru.
             Slain by a death yak (8 damage)
             ... on level 5 of the Lair of Beasts on Oct 30, 2017.
             The game lasted 02:53:09 (25499 turns).

dududu the Fighter (Vampire Arcane Marksman)       Turns: 25499, Time: 02:53:10

Health: 0/100      AC: 19    Str: 12    XL:     12   Next: 91%
Magic:  17/17      EV: 25    Int: 21    God:    Okawaru [*****.]
Gold:   892        SH:  0    Dex: 20    Spells: 3/15 levels left

rFire    + . .     SeeInvis +   a - +1 hand crossbow (venom)
rCold    + + .     Gourm    .   (no shield)
rNeg     + + +     Faith    +   G - +2 leather armour {rF+}
rPois    +         Spirit   .   S - +2 hat {MR+}
rElec    .         Reflect  .   x - +2 ratskin cloak {+Rats rPois rN+ Str-1 Int-1 Dex+1}
rCorr    .         Harm     .   U - +0 pair of gloves
MR       ++...                  (no boots)
Stlth    ++++++....             v - amulet "Hyec" {Faith rC+ Stlth+}
HPRegen  0.13/turn              P - +3 ring of protection
MPRegen  0.15/turn              l - +4 ring of protection

@: brilliant, agile, heroism, very slightly contaminated, regenerating slowly
A: fangs 3, see invisible, unbreathing
a: Bat Form, Heroism, Finesse, Renounce Religion, Evoke Ratskin


You were on level 5 of the Lair of Beasts.
You worshipped Okawaru.
Okawaru was extremely pleased with you.
You were near bloodless.

You visited 2 branches of the dungeon, and saw 16 of its levels.
You also visited: Ice Cave.

You collected 892 gold pieces.

Inventory:

Hand Weapons
 a - a +1 hand crossbow of venom (weapon)
 b - a +4 morningstar
 w - a +0 short sword of draining
 H - the +5 triple sword "Litautol" {flame, Int+3}
   (Okawaru gifted it to you on level 3 of the Lair of Beasts)

   It has been specially enchanted to burn those struck by it, causing extra
   injury to most foes and up to half again as much damage against particularly
   susceptible opponents.
   Big, fiery blades are also staple armaments of hydra-hunters.
   It affects your intelligence (+3).
Missiles
 m - 25 tomahawks
 I - a throwing net
 Q - 4 javelins
 Z - 33 bolts (quivered)
Armour
 x - the +2 ratskin cloak (worn) {+Rats rPois rN+ Str-1 Int-1 Dex+1}
   (You found it in an ice cave)

   It affects your strength (-1).
   It affects your intelligence (-1).
   It affects your dexterity (+1).
   It protects you from poison.
   It protects you from negative energy.
 G - a +2 leather armour of fire resistance (worn)
 S - a +2 hat of magic resistance (worn)
 U - a +0 pair of gloves (worn)
 Y - a +1 cloak
Jewellery
 l - a +4 ring of protection (right hand)
 v - the amulet "Hyec" (around neck) {Faith rC+ Stlth+}
   (You took it off a centaur on level 10 of the Dungeon)

   [amulet of faith]

   It allows you to gain divine favour quickly.
   It protects you from cold.
   It makes you more stealthy.
 P - a +3 ring of protection (left hand)
Wands
 c - a wand of confusion (27/48)
 d - a wand of flame (17/48)
 y - a wand of polymorph (10/24)
 C - a wand of lightning (1/15)
 N - a wand of acid (0/15)
 R - a wand of paralysis (3/24)
 V - a wand of random effects (7/48)
 W - a wand of paralysis (14/24)
 X - a wand of flame (16/48)
Scrolls
 g - 4 scrolls of remove curse
 j - 3 scrolls of magic mapping
 k - 3 scrolls of teleportation
 p - 4 scrolls of enchant armour
 q - a scroll of immolation {unknown}
 r - 4 scrolls of recharging
 s - a scroll of enchant weapon
 t - a scroll of holy word {unknown}
 A - 2 scrolls of amnesia
 D - a scroll of blinking
 O - a scroll of silence {unknown}
Potions
 f - 3 potions of brilliance
 h - a potion of lignification
 n - 5 potions of curing
 o - a potion of invisibility
 u - 13 potions of blood
 z - 3 potions of heal wounds
 B - 2 potions of haste
 E - 2 potions of flight {unknown}
 F - 3 potions of cancellation
 J - a potion of might {unknown}
 K - a potion of agility
 L - a potion of mutation


   Skills:
 + Level 11.3(16.3) Fighting
 + Level 2.8(7.8) Long Blades
 - Level 10.0(15.0) Crossbows
 + Level 5.4(10.4) Dodging
 - Level 2.0 Spellcasting
 - Level 10.0 Hexes
 - Level 6.0 Necromancy
 + Level 7.9 Invocations
 + Level 3.8 Evocations


You had 3 spell levels left.
You knew the following spells:

 Your Spells              Type           Power        Failure   Level  Hunger
a - Corona                Hex            ######.      1%          1    #......
b - Animate Skeleton      Necr           N/A          1%          1    #......
c - Cause Fear            Hex            ######....   1%          4    #####..
d - Inner Flame           Hex/Fire       #####...     1%          3    ###....
e - Vampiric Draining     Necr           #####.....   1%          3    ###....


Dungeon Overview and Level Annotations

Branches:
Dungeon (11/15)            Temple (0/1) D:7            Lair (5/6) D:9
  Swamp (0/4) Lair:3        Snake (0/4) Lair:3          Orc (0/2) D:9
  Slime: Lair:5-6

Altars:
Ashenzari
Elyvilon
Fedhas
Gozag
Hepliaklqana
Nemelex Xobeh
Okawaru
Qazlal
Ru
Trog
Uskayaw
Wu Jian
Xom
The Shining One

Portals:
Volcano: Lair:5

Annotations:
D:3 Ijyb
D:5 1 runed door - Yuif
D:11 !oka wrath


Innate Abilities, Weirdness & Mutations

You heal slowly.
You have razor-sharp teeth.
You have supernaturally acute eyesight. (SInv)
You can survive without breathing.


Message History

You shoot a bolt. The bolt barely misses the merfolk.
The bolt hits the death yak!
The death yak looks even sicker.
The death yak is heavily wounded.
You kill the merfolk!
That felt strangely unrewarding.
Unknown command.
Evoke which item? (* to show all) (? for menu, Esc to quit)
Okay, then.
It was a potion of agility.
You feel agile all of a sudden.
It was a potion of berserk rage.
You feel slightly irritated. The death yak barely misses you.
Magic courses through your body. The death yak gores you.
* * * LOW HITPOINT WARNING * * *
Casting: Inner Flame
Confirm with . or Enter, or press ? or * to list all spells.
Okay, then.
You feel clever all of a sudden. The death yak gores you!
You die...

.....#######§≈≈##
..♣## ##Y≈≈≈≈## ♣
#Y≈≈≈≈§§#
##.≈≈§≈## ##Y≈≈##
##Y## #Y## ##Y##
##@## #..(# ##∩##
###


You could see a death yak and 5 yaks.

Vanquished Creatures
  2 hydras
  A two-headed ogre (D:10)
  4 death yaks
  The ghost of Gruesome the Martial Artist, a novice OpMo of Cheibriados (D:8)
  An ugly thing (D:11)
  A manticore (D:11)
  5 black mambas
  Maurice (D:9)
  2 spiny frogs
  A rime drake (Lair:3)
  3 komodo dragons
  2 merfolk (Lair:5)
  4 blink frogs (Lair:4)
  5 hippogriffs
  31 yaks
  A shadow (D:11)
  2 wyverns (D:9)
  5 vampire mosquitoes (Lair:3)
  2 basilisks
  A steam dragon (D:9)
  A hungry ghost (D:11)
  5 water moccasins
  11 ice beasts
  6 porcupines
  6 orc warriors
  A sky beast (D:9)
  A phantom (D:7)
  A necrophage (D:10)
  9 ogres
  6 wolves
  5 centaurs
  9 crocodiles
  6 bullfrogs
  8 killer bees
  3 wights
  4 howler monkeys
  3 vampire bats (Lair:3)
  4 crimson imps
  A bullfrog zombie (D:10)
  A quasit (D:8)
  4 jellies
  7 orc priests
  4 centaur skeletons
  7 hounds
  A bullfrog skeleton (D:5)
  2 iguanas
  Natasha (thrice) (D:3)
  Terence (D:3)
  9 orc wizards
  10 worker ants
  14 adders
  5 shadow imps
  A white imp (D:3)
  2 adder skeletons (D:9)
  2 worms (D:5)
  A dart slug (D:1)
  6 leopard geckos
  19 orcs
  2 ball pythons
  2 giant cockroaches
  6 hobgoblins
  15 jackals
  2 quokkas
  7 bats
  8 frilled lizards
  3 goblins
  3 goblin zombies (D:4)
  2 hobgoblin zombies (D:4)
  8 kobolds
  3 kobold skeletons (D:4)
  A kobold zombie (D:4)
  A leopard gecko skeleton (D:4)
  An orc zombie (D:4)
  9 rats
  A fungus (Lair:3)
  2 plants
340 creatures vanquished.

Vanquished Creatures (collateral kills)
  A blink frog (Lair:4)
  2 yaks
  2 vampire mosquitoes (Lair:3)
  A water moccasin (Lair:3)
  A sky beast (D:10)
  An ice beast (D:10)
  An ogre (D:7)
  2 wolves (Lair:3)
  A crocodile (Lair:3)
  A bullfrog (Lair:4)
  A scorpion (D:11)
  An adder (D:9)
  2 jackals (D:8)
  A plant (Lair:3)
18 creatures vanquished.

Vanquished Creatures (others)
  3 fungi (Lair:3)
  8 plants
11 creatures vanquished.

Grand Total: 369 creatures vanquished

Notes
Turn   | Place    | Note
-------+----------+-------------------------------------------
     0 | D:1      | dududu the Vampire Arcane Marksman began the quest for the Orb.
     0 | D:1      | Reached XP level 1. HP: 14/14 MP: 2/2
    54 | D:1      | Reached skill level 1 in Fighting
   392 | D:1      | Reached XP level 2. HP: 21/21 MP: 3/3
  1310 | D:2      | Reached XP level 3. HP: 23/26 MP: 2/4
  1591 | D:2      | Found a sparkling altar of Nemelex Xobeh.
  1838 | D:2      | Found a stormy altar of Qazlal.
  1840 | D:2      | Found a blossoming altar of Fedhas.
  1873 | D:2      | Found a shimmering altar of Xom.
  2032 | D:2      | Learned a level 1 spell: Animate Skeleton
  2223 | D:3      | Noticed Natasha
  2230 | D:3      | HP: 1/27 [Natasha (9)]
  2231 | D:3      | Killed Natasha
  2231 | D:3      | Reached skill level 2 in Fighting
  2231 | D:3      | Reached XP level 4. HP: 2/33 MP: 5/5
  2918 | D:3      | Noticed Ijyb
  3246 | D:3      | Noticed Natasha
  3254 | D:3      | Killed Natasha
  3305 | D:3      | Noticed Natasha
  3309 | D:3      | Killed Natasha
  3309 | D:3      | Reached skill level 5 in Hexes
  3313 | D:3      | Reached XP level 5. HP: 33/39 MP: 4/7
  3321 | D:3      | Learned a level 4 spell: Cause Fear
  3649 | D:3      | Noticed Terence
  3659 | D:3      | Killed Terence
  3965 | D:4      | Noticed an ogre
  4133 | D:4      | Found a glowing golden altar of the Shining One.
  4381 | D:4      | Killed an ogre
  4381 | D:4      | Reached skill level 3 in Fighting
  4381 | D:4      | Reached XP level 6. HP: 44/47 MP: 6/9
  4538 | D:4      | Noticed a hippogriff
  4865 | D:4      | Killed a hippogriff
  4865 | D:4      | Reached skill level 1 in Necromancy
  5065 | D:5      | Entered Level 5 of the Dungeon
  5298 | D:5      | Reached XP level 7. HP: 46/52 MP: 10/10
  5637 | D:5      | Found a shattered altar of Ashenzari.
  6520 | D:5      | Found a runed door.
  6895 | D:6      | Reached skill level 4 in Fighting
  7566 | D:6      | Found an iron altar of Okawaru.
  7574 | D:6      | Became a worshipper of Warmaster Okawaru
  7641 | D:6      | Reached XP level 8. HP: 53/61 MP: 9/11
  7819 | D:6      | Reached skill level 5 in Fighting
  8218 | D:5      | Reached skill level 5 in Crossbows
  8218 | D:5      | Reached skill level 1 in Invocations
  9197 | D:6      | Learned a level 3 spell: Inner Flame
  9251 | D:7      | Reached * piety under Okawaru
  9354 | D:7      | Found an opulent altar of Gozag.
  9484 | D:7      | Found a staircase to the Ecumenical Temple.
  9533 | D:7      | Found a shattered altar of Ashenzari.
  9561 | D:7      | Noticed a hippogriff
  9602 | D:7      | Killed a hippogriff
  9602 | D:7      | Reached skill level 6 in Fighting
 10752 | D:7      | Reached XP level 9. HP: 59/69 MP: 6/12
 11362 | D:8      | Learned a level 3 spell: Vampiric Draining
 11859 | D:8      | Reached ** piety under Okawaru
 11859 | D:8      | Reached skill level 10 in Hexes
 11880 | D:8      | Found a bloodstained altar of Trog.
 11887 | D:8      | Found a hazy altar of Hepliaklqana.
 11890 | D:8      | Found an ornate altar of the Wu Jian Council.
 11890 | D:8      | Found a white marble altar of Elyvilon.
 11890 | D:8      | Found a sacrificial altar of Ru.
 11943 | D:8      | Noticed Gruesome's ghost (novice OpMo)
 11952 | D:8      | Killed Gruesome's ghost
 11952 | D:8      | Reached skill level 7 in Fighting
 12515 | D:8      | Paralysed by an orc wizard for 2 turns
 12543 | D:8      | Found a hide-covered altar of Uskayaw.
 12862 | D:9      | Reached *** piety under Okawaru
 13006 | D:9      | Noticed Maurice
 13043 | D:9      | Killed Maurice
 13043 | D:9      | Reached XP level 10. HP: 68/79 MP: 13/13
 13511 | D:9      | Reached skill level 5 in Necromancy
 13847 | D:9      | Reached **** piety under Okawaru
 14067 | D:9      | Reached skill level 8 in Fighting
 15947 | D:9      | Found a staircase to the Orcish Mines.
 16180 | D:9      | Received a gift from Okawaru
 16744 | D:9      | Found a staircase to the Lair.
 16818 | D:10     | Entered Level 10 of the Dungeon
 16979 | D:10     | Reached skill level 9 in Fighting
 17156 | D:10     | Received a gift from Okawaru
 17190 | D:10     | Noticed a two-headed ogre
 17341 | D:10     | Got a heavily runed steel amulet
 17403 | D:10     | Killed a two-headed ogre
 17403 | D:10     | Reached XP level 11. HP: 63/89 MP: 5/14
 17774 | D:11     | Noticed a four-headed hydra
 17781 | D:11     | Killed a four-headed hydra
 17781 | D:11     | Reached ***** piety under Okawaru
 18556 | D:11     | Noticed a brown ugly thing
 18561 | D:11     | Was placed under penance by Okawaru
 18562 | D:11     | Killed a brown ugly thing
 18562 | D:11     | Reached skill level 10 in Fighting
 18567 | D:11     | Noticed a stone giant
 18567 | D:11     | Noticed an orc knight
 18799 | D:11     | Was forgiven by Okawaru
 19049 | Lair:1   | Entered Level 1 of the Lair of Beasts
 19243 | Lair:1   | Received a gift from Okawaru
 19273 | Lair:1   | Identified the amulet "Hyec" {Faith rC+ Stlth+} (You took it off a centaur on level 10 of the Dungeon)
 19372 | Lair:1   | Noticed a seven-headed hydra
 19378 | Lair:1   | HP: 1/91 [seven-headed hydra (4)]
 19971 | Lair:1   | Reached skill level 5 in Invocations
 21004 | Lair:2   | Found a frozen archway.
 21130 | IceCv    | Entered an ice cave
 21130 | IceCv    | Noticed a white ugly thing
 21132 | IceCv    | Found a transporter.
 21142 | IceCv    | Noticed a white ugly thing
 21143 | IceCv    | Found the +2 ratskin cloak {+Rats rPois rN+ Str-1 Int-1 Dex+1}
 22906 | Lair:3   | Reached XP level 12. HP: 76/98 MP: 16/16
 23080 | Lair:3   | Found a staircase to the Snake Pit.
 23144 | Lair:3   | Reached skill level 10 in Crossbows
 23191 | Lair:3   | Found a staircase to the Swamp.
 23254 | Lair:3   | Reached skill level 1 in Evocations
 23580 | Lair:3   | Received a gift from Okawaru
 23581 | Lair:3   | Got a shimmering triple sword {god gift}
 23582 | Lair:3   | Identified the +5 triple sword "Litautol" {flame, Int+3} (Okawaru gifted it to you on level 3 of the Lair of Beasts)
 23684 | Lair:3   | Reached skill level 11 in Fighting
 24652 | Lair:4   | Noticed a death yak
 24728 | Lair:4   | Noticed a death yak
 24746 | Lair:4   | Noticed a death yak
 24747 | Lair:4   | Killed a death yak
 24747 | Lair:4   | Received a gift from Okawaru
 24747 | Lair:4   | Reached skill level 1 in Long Blades
 24824 | Lair:4   | Was placed under penance by Okawaru
 24826 | Lair:4   | Killed a death yak
 24831 | Lair:4   | Noticed a death yak
 24900 | Lair:4   | Reached skill level 5 in Dodging
 24989 | Lair:4   | Noticed a death yak
 24990 | Lair:4   | Noticed a death yak
 24990 | Lair:4   | Noticed a death yak
 25433 | Lair:4   | Noticed a centaur warrior
 25433 | Lair:4   | Noticed a merfolk javelineer
 25435 | Lair:5   | Noticed a death yak
 25435 | Lair:5   | Noticed a death yak
 25435 | Lair:5   | Noticed a death yak
 25440 | Lair:5   | Noticed a four-headed hydra
 25451 | Lair:5   | Found a dark tunnel.
 25471 | Lair:5   | Killed a death yak
 25478 | Lair:5   | Killed a four-headed hydra
 25478 | Lair:5   | Was forgiven by Okawaru
 25484 | Lair:5   | Killed a death yak
 25484 | Lair:5   | Received a gift from Okawaru
 25499 | Lair:5   | Slain by a death yak

Vault maps used:
D:1:      dpeg_arrival_stone_temple_mockup
D:2:      grunt_temple_overflow_forces_of_nature,
          nemelex_xobeh_ov_fountains_minmay, lemuel_tele_altar
D:3:      first_bread, led_sif_pool, uniq_terence, uniq_ijyb, uniq_natasha
D:4:      nicolae_tso_besieged_by_evil
D:5:      ashenzari_conservatory_becter, minmay_holes,
          minmay_misc_feat_enclosed, serial_park_tiny_1, serial_bayou_pond_c,
          uniq_crazy_yiuf_cottage
D:6:      okawaru_trees_2, kennysheep_generic_room_12
D:7:      grunt_gozag_breadcrumbs, minmay_temple_entry_butterflies,
          grunt_ogre_cave, cheibrodos_ashenzari_chains
D:8:      grunt_temple_overflow_open, lemuel_coloured_pillars_altar,
          kennysheep_generic_room_14
D:9:      erik_lair_dragon, david_orc_4, hangedman_abyss_or_decor_passed,
          minivault_23, minmay_misc_feat_encased, uniq_maurice
Lair:1:   nicolae_quartered_pool_little
Lair:2:   portal_ice_cave_entry_ice_beasts
Lair:3:   minmay_swamp_entry_swarm, minmay_snake_entry_six_corridors,
          roderic_batcave
Lair:4:   grunt_forest_small_clearings, beast_lair_carwin_10,
          infiniplex_staircase_pool_2, grunt_megastairs_1, lemuel_fruit_tree
Lair:5:   enter_volcano_4, wad_woods_road_02, grunt_megastairs_4
IceCv:    ice_cave_statue_garden_teleport

Skill      XL: |  1  2  3  4  5  6  7  8  9 10 11 12 |
---------------+-------------------------------------+-----
Fighting       | 1 2 3 4 6 7 9 10 11 | 11.3
Crossbows      | 2 3 4 5 7 8 9 10 | 10.0
Hexes          | 5 6 7 8 9 10 | 10.0
Spellcasting   | 2 |  2.0
Necromancy     | 1 2 4 6 |  6.0
Invocations    | 2 6 7 |  7.9
Evocations     | 3 |  3.8
Dodging        | 5 |  5.4
Long Blades    | 2 |  2.8

Action                   |  1- 3 |  4- 6 |  7- 9 | 10-12 || total
-------------------------+-------+-------+-------+-------++-------
Melee: Dagger            |    61 |    49 |    77 |       ||   187
       Bite              |    13 |     6 |    18 |    36 ||    73
       Morningstar       |       |       |    69 |   375 ||   444
       Unarmed           |       |       |       |     2 ||     2
       Triple sword      |       |       |       |    11 ||    11
 Fire: Hand crossbow     |    30 |    78 |   342 |   348 ||   798
Throw: Stone             |    18 |    11 |     8 |    44 ||    81
       Tomahawk          |       |    26 |    25 |     2 ||    53
       Javelin           |       |       |    36 |    42 ||    78
 Cast: Corona            |    40 |    39 |    90 |   146 ||   315
       Animate Skeleton  |       |     5 |    15 |    28 ||    48
       Cause Fear        |       |       |    24 |    14 ||    38
       Vampiric Draining |       |       |     7 |    30 ||    37
       Inner Flame       |       |       |     1 |    24 ||    25
Invok: Heroism           |       |       |     2 |     9 ||    11
 Abil: End Transformatio |       |     4 |     9 |     8 ||    21
       Bat Form          |       |     4 |     9 |     8 ||    21
       Evoke Ratskin     |       |       |       |     3 ||     3
Evoke: Wand              |       |       |     5 |    17 ||    22
       Phantom mirror    |       |       |       |     1 ||     1
  Use: Scroll            |     3 |     3 |     6 |    17 ||    29
       Potion            |     2 |     5 |     9 |    30 ||    46
 Stab: Sleeping          |       |       |     4 |     1 ||     5
       Paralysed         |       |       |     2 |       ||     2
       Distracted        |       |       |       |     1 ||     1
  Eat: Corpse            |     1 |     2 |    12 |    15 ||    30
Armor: Robe              |     4 |       |       |       ||     4
       Leather armour    |     5 |    14 |   112 |   313 ||   444
       Skin              |       |       |       |    25 ||    25
Dodge: Dodged            |    64 |    51 |   241 |   483 ||   839
       Rpst.: Triple sword |       |       |       |    11 ||    11

Table legend:
 A = Spawn XP
 B = Non-spawn XP
 C = Spawn XP percentage of total XP
 D = Spawn monster count
 E = Non-spawn monster count
 F = Spawn count percentage of total count
 G = Total turns spent on level
                    A         B        C        D         E        F      G
               +---------+---------+-------+---------+---------+-------+---------
         Total |       0 |   36628 |   0.0 |       0 |     352 |   0.0 | 25499
               +---------+---------+-------+---------+---------+-------+---------
           D:1 |       0 |      38 |   0.0 |       0 |      25 |   0.0 |  1278
           D:2 |       0 |      32 |   0.0 |       0 |      12 |   0.0 |  1147
           D:3 |       0 |     180 |   0.0 |       0 |      21 |   0.0 |  1594
           D:4 |       0 |     421 |   0.0 |       0 |      17 |   0.0 |  1058
           D:5 |       0 |     803 |   0.0 |       0 |      20 |   0.0 |  2694
           D:6 |       0 |     685 |   0.0 |       0 |      23 |   0.0 |  1963
           D:7 |       0 |     989 |   0.0 |       0 |      16 |   0.0 |  1907
           D:8 |       0 |    1846 |   0.0 |       0 |      31 |   0.0 |  1817
           D:9 |       0 |    4934 |   0.0 |       0 |      53 |   0.0 |  4317
          D:10 |       0 |    1919 |   0.0 |       0 |      11 |   0.0 |   708
          D:11 |       0 |    5217 |   0.0 |       0 |      22 |   0.0 |  1254
        Lair:1 |       0 |    2088 |   0.0 |       0 |      11 |   0.0 |  1141
        Lair:2 |       0 |    2487 |   0.0 |       0 |      13 |   0.0 |  1765
        Lair:3 |       0 |    7571 |   0.0 |       0 |      51 |   0.0 |  2097
        Lair:4 |       0 |    4880 |   0.0 |       0 |      22 |   0.0 |   657
        Lair:5 |       0 |    2538 |   0.0 |       0 |       4 |   0.0 |    64
               +---------+---------+-------+---------+---------+-------+---------
